 Dungeon Crawl Stone Soup version 0.20-a0-930-gbddf555 (webtiles) character file.

2086 polly the Cleaver (level 9, -1/82 HPs)
             Began as a Gargoyle Berserker on Mar 30, 2017.
             Was an Elder of Trog.
             Slain by an orc warrior
             ... wielding a +0 halberd
              (13 damage)
             ... on level 7 of the Dungeon.
             The game lasted 00:05:35 (4578 turns).

polly the Cleaver (Gargoyle Berserker)              Turns: 4578, Time: 00:05:35

Health: -1/82      AC: 19    Str: 28    XL:     9   Next: 27%
Magic:  17/17      EV: 12    Int:  8    God:    Trog [****..]
Gold:   390        SH:  0    Dex: 10    Spells: 8/8 levels left

rFire    . . .     SeeInvis .   v - +0 battleaxe
rCold    + . .     Gourm    .   (shield currently unavailable)
rNeg     + + .     Faith    .   a - +5 scale mail "Dienobb" {rCorr MP+9}
rPois    ∞         Spirit   .   (no helmet)
rElec    +         Reflect  .   (no cloak)
rCorr    +         Harm     .   q - +0 pair of gloves
MR       .....     Rnd*Rage +   (no boots)
Stlth    ..........             (no amulet)
Regen    0.3/turn               g - ring of protection from cold
MPRegen  0.2/turn               o - ring of positive energy

@: berserking (expiring), starving, very quick
A: berserk 1, low mp 1, negative energy resistance 1, electricity resistance,
unbreathing, petrification resistance, rot immunity, AC +5
a: Berserk, Trog's Hand, Brothers in Arms, Burn Spellbooks, Renounce Religion


You were on level 7 of the Dungeon.
You worshipped Trog.
Trog was greatly pleased with you.
You were starving.

You visited 1 branch of the dungeon, and saw 7 of its levels.

You collected 390 gold pieces.

Inventory:

Hand Weapons
 v - a +0 battleaxe (weapon)
Armour
 a - the +5 scale mail "Dienobb" (worn) {rCorr MP+9}
   (You found it on level 4 of the Dungeon)

   It affects your magic capacity (+9).
   It protects you from acid and corrosion.
 q - a +0 pair of gloves (worn)
Jewellery
 g - a ring of protection from cold (left hand)
 o - a ring of positive energy (right hand)
Wands
 x - a wand of random effects (32/48)
Scrolls
 b - a scroll of enchant armour {unknown}
 e - 5 scrolls of remove curse {unknown}
 h - a scroll of teleportation {unknown}
 j - 2 scrolls of fear {unknown}
 l - 3 scrolls of magic mapping {unknown}
 m - 2 scrolls of blinking {unknown}
 n - 2 scrolls of recharging {unknown}
 s - 3 scrolls of identify {unknown}
 t - a scroll of enchant weapon {unknown}
 u - a scroll of noise {unknown}
Potions
 d - 2 potions of agility {unknown}
 f - 4 potions of curing
 i - 4 potions of brilliance {unknown}
 p - 2 potions of heal wounds {unknown}
 r - a potion of degeneration {unknown}
 z - a potion of resistance {unknown}
 A - a potion of haste
 B - a potion of cancellation {unknown}
 C - a potion of flight {unknown}
Comestibles
 c - 3 bread rations
 w - 4 fruits


   Skills:
 + Level 5.8 Fighting
 + Level 8.6 Axes
 + Level 5.5 Armour
 + Level 4.0 Dodging
 + Level 0.2 Stealth


You had 8 spell levels left.
You didn't know any spells.

Dungeon Overview and Level Annotations

Branches:
Dungeon (7/15)             Temple (0/1) D:5

Altars:
Ashenzari
Elyvilon
Fedhas
Kikubaaqudgha
Okawaru
Zin
The Shining One


Innate Abilities, Weirdness & Mutations

You are resistant to torment.
Your stone body is resilient. (AC +5)
You are immune to poison.
You resist negative energy. (rN+)
You are resistant to electric shocks. (rElec)
You can survive without breathing.
You are immune to petrification.
You are immune to rotting.
You tend to lose your temper in combat.
Your magical capacity is low. (-10% MP)


Message History

The hungry ghost barely misses you.
You eat the royal jelly.
You are feeling hungry.
That royal jelly was delicious!
The orc warrior hits you but does no damage.
The hungry ghost hits you.
You are feeling very hungry.
You completely miss the hungry ghost.
The hungry ghost is severely damaged.
The hungry ghost hits you.
You are near starving!
You closely miss the hungry ghost.
The hungry ghost is severely damaged.
The orc warrior closely misses you.
You closely miss the hungry ghost.
The hungry ghost is severely damaged.
The hungry ghost hits you.
You are starving!
The orc warrior hits you from afar with a halberd!
You die...

##........## ...
###..........####
....
#...............#
#<.#.#...........#.#
##.....#.......#...#
#........#...#.....#
#..........#.......#
#..........#.......#
#......[@#...#.....#
#......#)Wo....#...#
#....#....o......#.#
#................ ..
#...##.###...###
#### #. ...# .. ....
.. #....


You could see a hungry ghost, an orc warrior and an orc priest.

Vanquished Creatures
  Edmund (D:6)
  Duvessa (D:6)
  An orc warrior (D:6)
  A black bear (D:6)
  A sky beast (D:6)
  2 ice beasts
  An ogre (D:6)
  A phantom (D:6)
  A centaur (D:6)
  A bullfrog (D:6)
  A water moccasin zombie (D:5)
  Dowan (D:6)
  2 scorpions (D:4)
  A killer bee (D:6)
  5 howler monkeys (D:6)
  A bullfrog zombie (D:4)
  A crimson imp (D:6)
  2 jellies (D:6)
  An orc priest (D:6)
  A hound (D:5)
  2 bullfrog skeletons (D:6)
  A centaur skeleton (D:4)
  Jessica (D:3)
  4 worker ants
  A worker ant zombie (D:6)
  3 gnolls (D:6)
  12 adders
  A shadow imp (D:6)
  An adder skeleton (D:4)
  2 worms
  A dart slug (D:1)
  4 leopard geckos
  13 orcs
  6 giant cockroaches
  5 goblins
  7 hobgoblins
  9 jackals
  11 kobolds
  A quokka (D:2)
  2 ball pythons (D:4)
  A ball python zombie (D:5)
  2 bats
  5 frilled lizards
  3 jackal skeletons
  A jackal zombie (D:5)
  2 quokka skeletons
  8 rats
136 creatures vanquished.

Vanquished Creatures (others)
  A giant cockroach (D:4)
  A jackal skeleton (D:4)
2 creatures vanquished.

Grand Total: 138 creatures vanquished

Notes
Turn   | Place    | Note
-------+----------+-------------------------------------------
     0 | D:1      | polly the Gargoyle Berserker began the quest for the Orb.
     0 | D:1      | Reached XP level 1. HP: 14/14 MP: 1/1
   169 | D:1      | Reached XP level 2. HP: 19/19 MP: 2/2
   339 | D:1      | Reached skill level 3 in Axes
   853 | D:2      | Reached XP level 3. HP: 24/24 MP: 3/3
   879 | D:2      | Reached ** piety under Trog
   956 | D:2      | Found a glowing silver altar of Zin.
  1108 | D:2      | Reached XP level 4. HP: 20/29 MP: 4/4
  1618 | D:3      | Noticed Jessica
  1626 | D:3      | Killed Jessica
  1626 | D:3      | Reached skill level 4 in Axes
  1626 | D:3      | Reached XP level 5. HP: 33/33 MP: 5/5
  1787 | D:3      | Found a glowing golden altar of the Shining One.
  1976 | D:4      | Reached XP level 6. HP: 32/38 MP: 6/6
  1997 | D:4      | Reached skill level 5 in Axes
  2049 | D:4      | Reached *** piety under Trog
  2266 | D:4      | Found a white marble altar of Elyvilon.
  2470 | D:5      | Entered Level 5 of the Dungeon
  2482 | D:4      | Got a twisted scale mail
  2493 | D:4      | Identified the +5 scale mail "Dienobb" {rCorr MP+9} (You found it on level 4 of the Dungeon)
  2516 | D:5      | Found a staircase to the Ecumenical Temple.
  2653 | D:5      | Reached XP level 7. HP: 43/44 MP: 7/7
  2849 | D:5      | Found a shattered altar of Ashenzari.
  3233 | D:6      | Reached skill level 6 in Axes
  3373 | D:6      | Reached **** piety under Trog
  3373 | D:6      | Reached XP level 8. HP: 20/48 MP: 8/8
  3591 | D:6      | Found a blossoming altar of Fedhas.
  3662 | D:6      | Reached skill level 7 in Axes
  3676 | D:6      | Reached skill level 5 in Fighting
  3718 | D:6      | Found an ancient bone altar of Kikubaaqudgha.
  3850 | D:6      | Gained mutation: You can translocate small distances at will. [mutagenic meat]
  3851 | D:6      | Gained mutation: Your magical capacity is low. (-10% MP) [mutagenic meat]
  3852 | D:6      | Gained mutation: You tend to lose your temper in combat. [mutagenic meat]
  3854 | D:6      | Lost mutation: You can translocate small distances at will. [mutagenic meat]
  3888 | D:6      | Reached skill level 8 in Axes
  4068 | D:6      | Noticed Duvessa
  4068 | D:6      | Noticed Dowan
  4080 | D:6      | Killed Duvessa
  4080 | D:6      | Reached skill level 5 in Armour
  4080 | D:6      | Reached XP level 9. HP: 43/55 MP: 8/8
  4081 | D:6      | Killed Dowan
  4239 | D:6      | Found an iron altar of Okawaru.
  4332 | D:6      | Noticed Edmund
  4351 | D:6      | Killed Edmund
  4578 | D:7      | Slain by an orc warrior

Vault maps used:
D:1:      tarquinn_simple_flora_water_e
D:2:      zin_academy
D:3:      tso_oasis_becter, uniq_jessica
D:4:      kb_forest_paths, elyvilon_altar_4
D:5:      minmay_temple_entry_overgrown, first_bread, fountainhead,
          ashenzari_altar_1
D:6:      kennysheep_mini_moat, kiku_gazebo_garden_becter,
          overflow_temple_1_default, uniq_duvessa, uniq_edmund
D:7:      lemuel_ice_statue, basic_altar, minmay_misc_feat_more_columns

Skill      XL: |  1  2  3  4  5  6  7  8  9 |
---------------+----------------------------+-----
Axes           | 3 4 5 6 8 |  8.6
Dodging        | 2 3 4 |  4.0
Fighting       | 4 5 |  5.8
Armour         | 3 4 5 |  5.5
Stealth        | |  0.2

Action                   |  1- 3 |  4- 6 |  7- 9 || total
-------------------------+-------+-------+-------++-------
Melee: Hand axe          |   107 |   190 |       ||   297
       Battleaxe         |       |    45 |   243 ||   288
Invok: Berserk           |       |       |     2 ||     2
  Eat: Chunk             |       |     5 |    14 ||    19
       Royal jelly       |       |       |     2 ||     2
Armor: Animal skin       |    18 |       |       ||    18
       Scale mail        |    35 |    50 |   190 ||   275
       Chain mail        |       |    73 |       ||    73
Dodge: Dodged            |    71 |   128 |   185 ||   384
